 Dungeon Crawl Stone Soup version 0.30-a0-715-gdb4ae3ece1 (webtiles) character file.

Game seed: 17459503987008188552

9 Absynth the Insei (level 2, 21/21 HPs)
             Began as a Demonspawn Transmuter on Jan 24, 2023.
             Quit the game on level 1 of the Dungeon.
             The game lasted 00:00:59 (344 turns).

Absynth the Insei (Demonspawn Transmuter)            Turns: 344, Time: 00:01:00

Health: 21/21      AC:  2    Str: 10    XL:     2   Next: 3%
Magic:  3/5        EV: 12    Int: 14    God:
Gold:   40         SH:  4    Dex: 13    Spells: 4/5 levels left

rFire   . . .      SeeInvis .      - Unarmed
rCold   . . .      Faith    .    (no shield)
rNeg    . . .      Spirit   .    a - +0 robe
rPois   .          Reflect  .    (no helmet)
rElec   .          Harm     .    (no cloak)
rCorr   .          Rampage  .    (no gloves)
Will    .....                    (no boots)
Stlth   +                        (no amulet)
HPRegen 0.23/turn                (no ring)
MPRegen 0.09/turn                (no ring)

@: no status effects
A: large bone plates 1
a: no special abilities


You were on level 1 of the Dungeon.
You visited 1 branch of the dungeon, and saw 1 of its levels.

You collected 40 gold pieces.

Inventory:

Armour
 a - a +0 robe (worn)
Potions
 b - a potion of lignification
 c - a potion of mutation {unknown}


   Skills:
 - Level 1.0 Fighting
 + Level 2.0 Dodging
 + Level 2.8 Unarmed Combat
 + Level 2.1 Spellcasting
 + Level 2.0 Transmutations


You had 4 spell levels left.
You knew the following spells:

 Your Spells              Type           Power      Damage    Failure   Level
a - Beastly Appendage     Tmut           14%        N/A       11%         1

Your spell library contained the following spells:

 Spells                   Type           Power      Damage    Failure   Level
 Wereblood                Tmut           7%         N/A       16%         2
 Spider Form              Tmut/Pois      4%         N/A       43%         3
 Ice Form                 Ice/Tmut       4%         N/A       83%         4


Dungeon Overview and Level Annotations

Branches:
Dungeon (1/15)

Altars:


Innate Abilities, Weirdness & Mutations

You are partially covered in large bone plates. (SH +4)


Message History

The ball python hisses angrily.
The hobgoblin misses you.
You barely miss the hobgoblin. The hobgoblin hits you.
Casting: Beastly Appendage (safe; 11% risk of failure)
Confirm with . or Enter, or press ? or * to list all spells.
You don't know that spell.
Unknown command.
Casting: Beastly Appendage (safe; 11% risk of failure)
Confirm with . or Enter, or press ? or * to list all spells.
You miscast Beastly Appendage.
Nothing appears to happen.
The hobgoblin closely misses you.
You closely miss the hobgoblin. The hobgoblin hits you.
You barely miss the hobgoblin. The hobgoblin completely misses you.
Casting: Beastly Appendage (safe; 11% risk of failure)
Confirm with . or Enter, or press ? or * to list all spells.
You grow a pair of large bovine horns.
Your feet morph into talons.
The ball python bites you but does no damage.
The ball python grabs you. The ball python constricts you.
The hobgoblin barely misses you.
You escape the ball python's grasp.
The hobgoblin attacks as you move away! The hobgoblin barely misses you.
The ball python attacks as you move away!
The ball python bites you but does no damage.
You hit the ball python. Your kick misses the ball python.
You headbutt the ball python.
You kill the ball python!
Your Dodging skill increases to level 2!
Your Transmutations skill increases to level 2!
You hit the hobgoblin.
You kill the hobgoblin!
Your transformation is almost over.
You have reached level 2!
Your demonic ancestry asserts itself...
Large bone plates grow over parts of your arms.
You start resting.
Your magical contamination has completely faded away.
You start resting.
Your horns disappear.
Your talons disappear.
HP restored.
Are you sure you want to abandon this character and quit the game? (Confirm with "yes".)

#......# #.# #.## #......#
#.# #... #......# #.# ####
###......# #.# #........#
#.#
#.....###################.#
#.....'......)............#
#.....#####################
#.....# #......@..######
#####†# #.######†......#
#.# #...# #........#
#.#####.#..........#
#.......#..........#
#########.##..###### ...
#..# ### #..# #..#


There were no monsters in sight!

Vanquished Creatures
  2 hobgoblins (D:1)
  A kobold (D:1)
  3 ball pythons (D:1)
  A bat (D:1)
  A rat (D:1)
8 creatures vanquished.

Notes
Turn   | Place    | Note
-------+----------+-------------------------------------------
     0 | D:1      | Absynth the Demonspawn Transmuter began the quest for the
                  | Orb.
     0 | D:1      | Reached XP level 1. HP: 15/15 MP: 3/3
   319 | D:1      | Gained mutation: You are partially covered in large bone
                  | plates. (SH +4) [demonic ancestry]
   319 | D:1      | Reached XP level 2. HP: 15/21 MP: 0/5
   344 | D:1      | Quit the game

Illustrated notes

Levels and vault maps discovered:
D:1:      erik_arrival_blinker_ship, layout_basic, minmay_bisected

Skill      XL: |  1 |
---------------+----+-----
Dodging        | 2 |  2.0
Transmutations | 2 |  2.0
Fighting       | |  1.0
Unarmed Combat | |  2.8
Spellcasting   | |  2.1

Action                     || total
---------------------------++-------
  Melee: Unarmed           ||    26
         Headbutt          ||     7
         Kick              ||     2
   Cast: Beastly Appendage ||     6
   Stab: Sleeping          ||     1
 Armour: Robe              ||     7
  Dodge: Dodged            ||    23

Table legend: (Time is in decaauts)
 A = Elapsed time spent in this place.
 B = Non-inter-level travel time spent in this place.
 C = Inter-level travel time spent in this place.
 D = Time resting spent in this place.
 E = Time spent auto-exploring this place.
 F = Levels seen in this place.
 G = Mean time per level.
                   A        B        C        D        E       F      G
               +--------+--------+--------+--------+--------+-----+--------+
         Total |    342 |    342 |      0 |     25 |    256 |   1 |  342.0 |
       Dungeon |    342 |    342 |      0 |     25 |    256 |   1 |  342.0 |
               +--------+--------+--------+--------+--------+-----+--------+

Top non-repeatable levels by time:
     D:1: 342 daAuts
